 Dungeon Crawl Stone Soup version 0.31.0-32-g396128a36d (webtiles) character file.

Game seed: 14026962455622100694

106070 Xomster the Marksgargoyle (level 16, -16/99 HPs)
             Began as a Gargoyle Hunter on Apr 14, 2024.
             Was the Champion of Okawaru.
             Demolished by an ettin
             ... wielding a +0 dire flail of draining
              (25 damage)
             ... on level 15 of the Dungeon.
             The game lasted 01:42:10 (24305 turns).

Xomster the Marksgargoyle (Gargoyle Hunter)        Turns: 24305, Time: 01:42:11

Health: -16/99     AC: 29    Str: 16    XL:     16   Next: 43%
Magic:  16/16      EV: 17    Int: 11    God:    Okawaru [******]
Gold:   2201       SH: 18    Dex: 19    Spells: 15/15 levels left

rFire   + . .        a - +1 hand cannon (heavy)
rCold   . . .        E - +0 kite shield
rNeg    + . .        A - +0 steam dragon scales
rPois   ∞            y - +1 hat
rElec   +            j - +1 cloak
rCorr   .            s - +0 pair of gloves
SInv    .            w - +0 pair of boots {rampage}
Will    +....        c - amulet of reflection
Stlth   +++++        F - +4 ring of protection
HPRegen 0.36/turn    l - ring of protection from fire
MPRegen 0.15/turn

%: reflection, rampage
@: flying
A: sickness immunity, AC +12, big wings, negative energy resistance 1,
electricity resistance, torment resistance 1, petrification resistance
a: Renounce Religion, Heroism, Finesse, Duel


You were on level 15 of the Dungeon.
You worshipped Okawaru.
Okawaru was exalted by your worship.
You visited 5 branches of the dungeon, and saw 24 of its levels.
You also visited: Bailey.

You collected 3758 gold pieces.
You spent 1557 gold pieces at shops.

Inventory:

Hand Weapons
 a - a +1 heavy hand cannon (weapon)
 I - a +3 hand cannon of draining
Missiles
 D - 6 throwing nets
Armour
 j - a +1 cloak (worn)
 s - a +0 pair of gloves (worn)
 w - a +0 pair of boots of rampaging (worn)
 y - a +1 hat (worn)
 A - +0 steam dragon scales (worn)
 E - a +0 kite shield (worn)
 K - the +3 gold dragon scales "Balas" {rElec rPois rF+ rC+ rCorr Int+3 Dex-2}
   (Okawaru gifted it to you on level 10 of the Dungeon)

   Int+3:     It affects your intelligence (+3).
   Dex-2:     It affects your dexterity (-2).
   rF+:       It protects you from fire.
   rC+:       It protects you from cold.
   rElec:     It insulates you from electricity.
   rPois:     It protects you from poison rCorr: It protects you from acid and
   corrosion.
Jewellery
 c - an amulet of reflection (around neck)
 l - a ring of protection from fire (right hand)
 F - a +4 ring of protection (left hand)
 O - a +5 ring of evasion
Wands
 f - a wand of roots (11)
 t - a wand of flame (5)
 u - a wand of polymorph (14)
 L - a wand of digging (3)
Scrolls
 b - 4 scrolls of butterflies
 i - 4 scrolls of immolation
 k - a scroll of enchant armour
 m - a scroll of teleportation
 n - 5 scrolls of blinking
 o - 5 scrolls of fear
 r - 2 scrolls of poison
 x - a scroll of vulnerability
 C - a scroll of revelation
 H - 2 scrolls of enchant weapon
 N - 3 scrolls of identify
Potions
 d - a potion of resistance
 e - a potion of cancellation
 g - 3 potions of mutation
 h - 5 potions of lignification
 p - 7 potions of curing
 q - 2 potions of brilliance
 v - a potion of berserk rage
 z - 3 potions of invisibility
 B - 3 potions of haste
 G - 2 potions of might
 J - 4 potions of enlightenment
 P - a potion of ambrosia
Miscellaneous
 M - a phial of floods


   Skills:
 - Level 10.9 Fighting
 * Level 19.1 Ranged Weapons
 - Level 10.7 Armour
 - Level 9.5 Dodging
 - Level 10.1 Stealth
 - Level 12.3 Shields
 + Level 0.5 Invocations


You had 15 spell levels left.
You didn't know any spells.
Your spell library contained the following spells:

 Spells                   Type           Power      Damage    Failure   Level
 Apportation              Tloc           0%         N/A       56%         1
 Shock                    Conj/Air       0%         1d3       56%         1
 Ensorcelled Hibernation  Hex/Ice        0%         N/A       71%         2
 Static Discharge         Conj/Air       0%         3-3/arc   71%         2
 Passwall                 Erth           0%         N/A       90%         3
 Swiftness                Air            0%         N/A       90%         3
 Teleport Other           Tloc           0%         N/A       90%         3
 Airstrike                Air            0%         2d(0-16)  100%        4
 Cause Fear               Hex            0%         N/A       100%        4
 Manifold Assault         Tloc           0%         N/A       100%        4
 Petrify                  Alch/Erth      0%         N/A       100%        4
 Fireball                 Conj/Fire      0%         3d3       100%        5
 Irradiate                Conj/Alch      0%         3d11      100%        5
 Sublimation of Blood     Necr           Unusable   N/A       N/A         2
 Summon Lightning Spire   Summ/Air       Unusable   N/A       N/A         4
 Summon Forest            Summ/Tloc      Unusable   N/A       N/A         5
 Malign Gateway           Summ/Tloc      Unusable   N/A       N/A         7
 Dragon's Call            Summ           Unusable   N/A       N/A         9

Dungeon Overview and Level Annotations

Branches:
Dungeon (15/15)            Temple (1/1) D:7            Lair (5/5) D:9
  Swamp (0/4) Lair:3       Spider (0/4) Lair:2        Slime (0/5) Lair:4
    Orc (2/2) D:10            Elf (0/3) Orc:2        Vaults (0/5) D:14
 Depths (1/4) D:15         Bailey (visited)

Altars:
Ashenzari
Cheibriados
Dithmenos
Elyvilon
Fedhas
Gozag
Hepliaklqana
Kikubaaqudgha
Makhleb
Nemelex Xobeh
Okawaru
Qazlal
Ru
Sif Muna
Trog
Uskayaw
Vehumet
Wu Jian
Xom
Yredelemnul
Zin
The Shining One
Jiyva

Shops:
D:1 *   D:2 *   D:9 [   Orc:1 :   Orc:2 [((*(*

Annotations:
D:2 1 runed translucent door, Crazy Yiuf
D:9 3 runed translucent doors, Villent's ghost, novice HOFi
D:10 exclusion: obsidian statue


Innate Abilities, Weirdness & Mutations

You are immune to sickness and miasma.
Your stone body is resilient. (AC +12)
You are immune to poison.
Your large and strong wings let you fly.
You resist negative energy. (rN+)
You are resistant to electric shocks. (rElec)
You are resistant to unholy torment.
You are immune to petrification.


Message History

The ettin hits you with a +0 dire flail.
You block the deep troll's attack.
The deep troll claws you but does no damage.
You block the deep troll's attack.
The purple ugly thing pecks you but does no damage.
The purple ugly thing basks in the mutagenic energy from its kin and changes!
The purple ugly thing headbutts you!
You shoot a bolt.
The bolt hits the glowing orange brain!!
The glowing orange brain is almost dead.
You block the ettin's attack. x2; You block the deep troll's attack.
The deep troll claws you but does no damage.
The deep troll closely misses you.
The glowing orange brain pulsates.
The purple ugly thing completely misses you.
The purple ugly thing closely misses you.
The deep troll barely misses you. The deep troll misses you.
The deep troll completely misses you. The ettin closely misses you.
The ettin barely misses you. The purple ugly thing pecks you!
* * * LOW HITPOINT WARNING * * *
The purple ugly thing headbutts you but does no damage.
You shoot a bolt.
The bolt hits the glowing orange brain!!
You kill the glowing orange brain!
Okawaru accepts your kill.
The centaur warrior dissolves into shadows!
The wolf spider dissolves into shadows!
The centaur warrior dissolves into shadows!
The green ugly thing basks in the mutagenic energy from its kin and changes!
The ettin misses you. The ettin completely misses you.
You block the deep troll's attack. x2; The deep troll completely misses you.
The purple ugly thing barely misses you.
You block the purple ugly thing's attack.
The deep troll closely misses you.
The deep troll claws you but does no damage.
The deep troll closely misses you.
The ettin hits you with a +0 dire flail of draining!!
* * * LOW HITPOINT WARNING * * *
The ettin hits you with a +0 dire flail!!
You die...

#.....# #.##.).## #.#
#.#.#.###.#.....### #.#
#.#....##.##......# #.#
##.#.###.#.#####'########.#
.....# #....##.....##.....#
####.###.####..)....#######
##...## #..#####..# #####
#..#Cuu#..# #8.#.@○#.8#
#..#T.u#..#
############..##'##..#
...........##.......##
.#####.###.###.....######
.#####.#.<...#######....#
.#...#.#.#.##...## ####.#
.#.......#.#..)..# #.#
.#...#.###.##...## #.#


You could see 3 ugly things, an ettin and a deep troll.

Vanquished Creatures
  Gastronok (D:7)
  An orc warlord (Orc:1)
  An ironbound preserver (D:14)
  A quicksilver ooze (Lair:5)
  A stone giant (D:15)
  Fannar (Orc:2)
  An ice dragon (D:14)
  3 rakshasas (D:15)
  5 hydras
  2 catoblepae
  2 two-headed ogres
  5 centaur warriors
  16 death yaks
  A tengu warrior (D:14)
  7 boulder beetles
  Urug (D:12)
  4 orc high priests (Orc:2)
  Sonja (D:11)
  A skeletal warrior (D:14)
  A necromancer (D:15)
  A glowing orange brain (D:15)
  A lindwurm (Lair:4)
  4 orc knights
  3 deep elf pyromancers
  A deep elf zephyrmancer (D:15)
  4 orc sorcerers
  13 ugly things
  A manticore (D:13)
  10 cyclopes
  3 meliai (D:15)
  16 elephants
  4 torpor snails
  3 black mambas
  6 kobold blastminers (Orc:2)
  3 centaur skeletons (D:15)
  8 cane toads
  2 rime drakes (Lair:5)
  2 kobold demonologists (D:13)
  Psyche (D:8)
  6 komodo dragons
  A tengu conjurer (D:15)
  7 trolls
  3 hornets (Lair:5)
  8 polar bears
  A wolf spider simulacrum (D:14)
  Grinder (D:5)
  6 dream sheep (Lair:5)
  16 blink frogs
  14 spriggans (Lair:5)
  5 slime creatures (Lair:5)
  3 culicivoras (Lair:2)
  3 shadows
  A vampire (D:12)
  67 yaks
  3 wyverns
  2 steam dragons
  7 wargs
  3 wraiths
  4 basilisks
  The ghost of sosloow the Slasher, an amateur DsGl (D:6)
  15 water moccasins
  A laughing skull (D:14)
  3 black bears
  32 orc warriors
  A sky beast (D:6)
  42 wolves
  5 boggarts (Lair:5)
  12 centaurs
  A phantom (D:5)
  14 ogres
  13 bullfrogs
  6 kobold brigands
  3 gnoll sergeants
  A scorpion (D:6)
  5 wights (D:9)
  12 killer bees
  5 howler monkeys
  An electric eel (D:9)
  A lava snake (D:9)
  A bombardier beetle (D:4)
  14 jellies
  27 orc priests
  5 hounds
  4 gnoll boudas
  Jessica (D:2)
  Ijyb (D:4)
  Natasha (D:2)
  6 iguanas
  28 orc wizards
  32 gnolls
  6 adders
  2 white imps
  4 ufetubi
  A dart slug (D:1)
  A ribbon worm (D:4)
  107 orcs
  5 bats
  10 endoplasms
  2 giant cockroaches (D:3)
  7 goblins
  7 hobgoblins
  11 jackals
  14 kobolds
  4 quokkas
  5 ball pythons
  2 frilled lizards
  5 rats
790 creatures vanquished.

Vanquished Creatures (others)
  An orc (Orc:2)
1 creature vanquished.

Grand Total: 791 creatures vanquished

Notes
Turn   | Place    | Note
-------+----------+-------------------------------------------
     0 | D:1      | Xomster the Gargoyle Hunter began the quest for the Orb.
     0 | D:1      | Reached XP level 1. HP: 12/12 MP: 1/1
   195 | D:1      | Reached XP level 2. HP: 18/18 MP: 2/2
   267 | D:1      | Found Cacw's General Store.
   392 | D:1      | Reached XP level 3. HP: 22/22 MP: 3/3
  1082 | D:2      | Noticed Jessica
  1087 | D:2      | Killed Jessica
  1088 | D:2      | Reached XP level 4. HP: 28/28 MP: 4/4
  1089 | D:2      | Found Uczig's Assorted Antiques.
  1110 | D:2      | Noticed Natasha
  1114 | D:2      | Killed Natasha
  1115 | D:2      | Reached skill level 5 in Ranged Weapons
  1148 | D:2      | Found a runed translucent door.
  1149 | D:2      | Noticed Crazy Yiuf
  1303 | D:2      | Identified a scroll of acquirement
  1303 | D:2      | Acquired a +0 hand cannon of draining
  1309 | D:3      | Found a shadowy altar of Dithmenos.
  1321 | D:3      | Reached XP level 5. HP: 32/32 MP: 5/5
  1775 | D:4      | Reached XP level 6. HP: 38/38 MP: 6/6
  1897 | D:4      | Reached skill level 6 in Ranged Weapons
  2510 | D:4      | Noticed Ijyb
  2514 | D:4      | Killed Ijyb
  2515 | D:4      | Reached XP level 7. HP: 43/43 MP: 7/7
  2603 | D:5      | Entered Level 5 of the Dungeon
  2835 | D:5      | Reached skill level 7 in Ranged Weapons
  2970 | D:5      | Reached skill level 5 in Stealth
  2984 | D:5      | Noticed Grinder
  2996 | D:5      | Paralysed by Grinder for 5 turns
  3001 | D:5      | Killed Grinder
  3002 | D:5      | Reached skill level 5 in Fighting
  3002 | D:5      | Reached XP level 8. HP: 39/49 MP: 8/8
  3790 | D:6      | Reached skill level 8 in Ranged Weapons
  3998 | D:6      | Found a runed translucent door.
  4326 | D:6      | Acquired 1012 gold pieces
  4795 | D:6      | Noticed sosloow's ghost (amateur DsGl)
  4872 | D:6      | Killed sosloow's ghost
  4873 | D:6      | Reached skill level 9 in Ranged Weapons
  4873 | D:6      | Reached XP level 9. HP: 6/56 MP: 9/9
  5180 | D:7      | Found a staircase to the Ecumenical Temple.
  5189 | Temple   | Entered the Ecumenical Temple
  5214 | Temple   | Became a worshipper of the Shining One
  5590 | D:7      | Found an iron altar of Okawaru.
  5595 | D:7      | Found an ornate altar of the Wu Jian Council.
  5595 | D:7      | Found a shimmering altar of Xom.
  5608 | D:7      | Found a shimmering blue altar of Sif Muna.
  5611 | D:7      | Found a sacrificial altar of Ru.
  5803 | D:8      | Noticed Gastronok
  5941 | D:7      | Killed Gastronok
  5942 | D:7      | Reached skill level 10 in Ranged Weapons
  5942 | D:7      | Reached XP level 10. HP: 27/64 MP: 10/10
  6308 | D:8      | Reached skill level 11 in Ranged Weapons
  6465 | D:7      | Fell from the grace of the Shining One
  6465 | D:7      | Became a worshipper of Warmaster Okawaru
  6740 | D:8      | Noticed Psyche
  6745 | D:8      | Killed Psyche
  7345 | D:9      | Reached * piety under Okawaru
  7595 | D:9      | Reached skill level 12 in Ranged Weapons
  7602 | D:9      | Reached ** piety under Okawaru
  7635 | D:9      | Found a staircase to the Lair.
  7932 | D:9      | Found a runed translucent gate.
  7932 | D:9      | Found a runed translucent gate.
  7934 | D:9      | Found a runed translucent gate.
  7938 | D:9      | Reached XP level 11. HP: 71/71 MP: 11/11
  7945 | D:9      | Noticed Villent's ghost (novice HOFi)
  7962 | D:9      | Reached skill level 10 in Stealth
  7980 | D:9      | Identified the +7 dagger of the Other Side {protect, Int+4}
  8067 | D:9      | Found Yfompogg's Armour Emporium.
  8290 | D:9      | Acquired 536 gold pieces
  8317 | D:10     | Entered Level 10 of the Dungeon
  8319 | D:10     | Found a staircase to the Orcish Mines.
  8491 | D:10     | Reached skill level 1 in Shields
  8492 | D:10     | Reached *** piety under Okawaru
  8749 | D:10     | Got Nezxit's Secrets of Space
  8763 | D:10     | Found a flagged portal.
  8774 | Bailey   | Entered a bailey
  8791 | Bailey   | Reached skill level 13 in Ranged Weapons
  8841 | D:10     | Noticed a two-headed ogre
  9051 | D:10     | Killed a two-headed ogre
  9256 | D:10     | Reached **** piety under Okawaru
  9264 | D:10     | Noticed an obsidian statue
  9388 | D:11     | Noticed Sonja
  9393 | D:11     | Noticed a cyclops
  9404 | D:11     | Killed a cyclops
  9409 | D:11     | Killed Sonja
  9494 | D:11     | Noticed a boulder beetle
  9498 | D:11     | Killed a boulder beetle
  9499 | D:11     | Reached skill level 14 in Ranged Weapons
  9499 | D:11     | Reached skill level 5 in Shields
  9558 | D:11     | Noticed a cyclops
  9568 | D:10     | Killed a cyclops
  9568 | D:10     | Reached ***** piety under Okawaru
  9611 | D:10     | Reached XP level 12. HP: 67/76 MP: 12/12
  9935 | D:11     | Found a broken altar of Ashenzari.
 10189 | D:12     | Noticed a two-headed ogre
 10192 | D:12     | Killed a two-headed ogre
 10308 | D:12     | Reached skill level 15 in Ranged Weapons
 10510 | D:12     | Noticed a boulder beetle
 10516 | D:12     | Noticed Urug
 10518 | D:12     | Killed a boulder beetle
 10524 | D:12     | Killed Urug
 10524 | D:12     | Received a gift from Okawaru
 10936 | Lair:1   | Entered Level 1 of the Lair of Beasts
 10960 | Lair:1   | Noticed a catoblepas
 10976 | Lair:1   | Killed a catoblepas
 11230 | Lair:1   | Noticed a death yak
 11255 | Lair:1   | Reached ****** piety under Okawaru
 11258 | Lair:1   | Received a gift from Okawaru
 11259 | Lair:1   | Reached skill level 16 in Ranged Weapons
 11496 | Lair:1   | Noticed a death yak
 11500 | Lair:1   | Noticed a death yak
 11500 | Lair:1   | Noticed a death yak
 11540 | Lair:1   | Killed a death yak
 11542 | Lair:1   | Killed a death yak
 11543 | Lair:1   | Reached XP level 13. HP: 80/80 MP: 13/13
 11744 | Lair:1   | Received a gift from Okawaru
 11973 | Lair:1   | Reached skill level 17 in Ranged Weapons
 12344 | Lair:2   | Received a gift from Okawaru
 12458 | Lair:2   | Found a hole to the Spider Nest.
 12512 | Lair:2   | Reached skill level 10 in Shields
 13069 | Lair:2   | Received a gift from Okawaru
 13637 | Lair:3   | Reached skill level 18 in Ranged Weapons
 13648 | Lair:3   | Received a gift from Okawaru
 13658 | Lair:3   | Gained mutation: Your large and strong wings let you fly.
                  | [Gargoyle growth]
 13658 | Lair:3   | Reached XP level 14. HP: 69/86 MP: 14/14
 13919 | Lair:3   | Found a staircase to the Swamp.
 13998 | Lair:3   | You are sucked into a shaft and drop 2 floors!
 13998 | Lair:5   | Entered Level 5 of the Lair of Beasts
 14080 | Lair:5   | Reached skill level 1 in Armour
 14101 | Lair:5   | Received a gift from Okawaru
 14624 | Lair:5   | Received a gift from Okawaru
 14650 | Lair:5   | Reached skill level 5 in Armour
 14697 | Lair:5   | Identified the +0 double sword of Chagrin {flame, +Blink
                  | Will+ Str-3 Dex+4}
 14812 | Lair:5   | Reached skill level 5 in Dodging
 15062 | Lair:5   | Received a gift from Okawaru
 15483 | Lair:5   | Noticed a quicksilver ooze
 15529 | Lair:5   | Killed a quicksilver ooze
 15530 | Lair:5   | Reached XP level 15. HP: 18/91 MP: 0/15
 15931 | Lair:5   | Identified the +1 short sword "Dazosah" {freeze, rN+ Str+2}
 16366 | Lair:4   | Received a gift from Okawaru
 16390 | Lair:4   | Found a staircase to the Slime Pits.
 16390 | Lair:4   | Found a viscous altar of Jiyva.
 17136 | Orc:1    | Entered Level 1 of the Orcish Mines
 17361 | Orc:2    | Entered Level 2 of the Orcish Mines
 17361 | Orc:2    | Found a staircase to the Elven Halls.
 17600 | Orc:2    | Found Pyclej's General Store.
 17602 | Orc:2    | Found Ynamm's General Store.
 17698 | Orc:2    | Found Tuniostru's Antique Weapon Boutique.
 17749 | Orc:2    | Noticed an orc warlord
 17767 | Orc:1    | Noticed Fannar
 17939 | Orc:1    | Killed an orc warlord
 17985 | Orc:1    | HP: 2/91 [burnt (9)]
 18560 | Orc:2    | Found Asehag's Antique Armour Emporium.
 18562 | Orc:2    | Found Wayzurab's Antique Weapon Shoppe.
 18787 | Orc:1    | Reached skill level 10 in Armour
 19047 | Orc:2    | Received a gift from Okawaru
 19428 | Orc:2    | Found Faikhy's Antique Weapon Boutique.
 19557 | Orc:2    | Killed Fannar
 19818 | Orc:1    | Paralysed by an orc sorcerer for 3 turns
 19825 | Orc:1    | Paralysed by an orc sorcerer for 4 turns
 19933 | Orc:1    | Found Kyphai's Book Shoppe.
 20218 | Orc:2    | Bought an ichor-stained scale mail for 315 gold pieces
 20218 | Orc:2    | Identified the +5 scale mail "Fopirr" {rPois rN+} (You
                  | bought it in a shop on level 2 of the Orcish Mines)
 20227 | Orc:2    | Bought a masterwork plate armour for 980 gold pieces
 20227 | Orc:2    | Identified the +0 plate armour of Yrasyil {Dex+4} (You
                  | bought it in a shop on level 2 of the Orcish Mines)
 20262 | Orc:2    | Bought a pair of glowing boots for 262 gold pieces
 20445 | D:10     | Acquired a +3 hand cannon of draining
 20445 | D:10     | Received a gift from Okawaru
 20446 | D:10     | Acquired the +3 gold dragon scales "Balas" {rElec rPois rF+
                  | rC+ rCorr Int+3 Dex-2}
 20446 | D:10     | Received a gift from Okawaru
 21266 | D:13     | Received a gift from Okawaru
 21402 | D:14     | Found a gate to the Vaults.
 21917 | D:14     | Reached skill level 10 in Fighting
 22384 | D:14     | Reached XP level 16. HP: 97/97 MP: 16/16
 22688 | D:14     | Identified the +0 leather armour of the Merwolf {+Inv rElec
                  | Will+++ Slay-6}
 22848 | D:15     | Entered Level 15 of the Dungeon
 22861 | D:15     | Received a gift from Okawaru
 23256 | D:15     | Found a glowing golden altar of the Shining One.
 23570 | D:15     | Received a gift from Okawaru
 23571 | D:15     | Reached skill level 19 in Ranged Weapons
 23758 | D:15     | Found a staircase to the Depths.
 24288 | Depths:1 | Entered Level 1 of the Depths
 24305 | D:15     | Demolished by an ettin

Illustrated notes

Levels and vault maps discovered:
D:1:      dpeg_arrival_prison, layout_loops_ring, serial_shops,
          nicolae_shop_just_a_little_nook
D:2:      layout_rooms, serial_shops, nicolae_shop_tiny_statue_garden,
          uniq_crazy_yiuf_cottage, uniq_natasha, uniq_jessica
D:3:      layout_basic, grunt_dithmenos_smoke, columned_hall_lemuel
D:4:      layout_basic, uniq_ijyb
D:5:      layout_loops_ring, small_statue_alley_b, uniq_grinder
D:6:      layout_layer_cave, ebering_ghost_sewer_d
D:7:      layout_loops_ring, minmay_overflow_temple_star_hex,
          minmay_temple_entry_gardened_gates
D:8:      layout_loops_cross, uniq_gastronok, uniq_psyche
D:9:      layout_cave_pools, due_lair_maze_entry_diamond, serial_gnoll_camp,
          gnoll_camp_mini_loothouse, gnoll_camp_mini_hut, gnoll_camp_mini_shop,
          gnoll_camp_mini_house, gnoll_camp_medium_01,
          gammafunk_ghost_necromancy, nicolae_lava_and_water
D:10:     layout_rooms, minmay_orc_entry_guard_dogs, enter_bailey_2,
          minmay_protected_statue
D:11:     layout_rooms, hex_intersection, nicolae_ashenzari_skybound, uniq_sonja
D:12:     layout_irregular_city, uniq_urug
D:13:     layout_gridville
D:14:     layout_grid_maze, skrybe_vaults_entry_preservation,
          infiniplex_staircase_split_hallway, grunt_decor_mini_mirrors
D:15:     grunt_enter_depths_magical_seal, layout_loops_corners, tso_altar
Temple:   regret_index_temple_sphere_string
Lair:1:   layout_chaotic_city, lemuel_fruit_fields
Lair:2:   layout_regular_city, hellmonk_spider_entry_life_and_decay,
          serial_bayou_shore_b, serial_bayou_shore_b
Lair:3:   layout_gridlike, swamp_mist, serial_bayou_pond_d
Lair:4:   layout_cave_pods, nicolae_slime_entry_slimehenge,
          dreamdust_mushroom_princess
Lair:5:   minmay_lair_end_enchanted_forest, layout_layer_cave,
          portal_ice_cave_rime, nicolae_lair_time_for_slime, grunt_megastairs_5
Orc:1:    layout_caves, serial_shops, shop, uniq_fannar
Orc:2:    grunt_orc_community_town_hall, layout_caves,
          grunt_orc_community_big_house_1, grunt_orc_community_big_house_2,
          grunt_orc_community_house_2, grunt_orc_community_house_2,
          grunt_orc_community_house_1, grunt_orc_community_house_1,
          serial_shops, nicolae_shop_just_a_little_nook, shop
Depths:1: layout_cave_pools, grunt_hell_horde,
          serial_library_hellmonk_angled_corner, abandoned_shop,
          kennysheep_cross_bottleneck, pdpol_wu_jian_five_deadly_venoms,
          uniq_nikola, uniq_boris

Skill      XL: |  1  2  3  4  5  6  7  8  9 10 11 12 13 14 15 16 |
---------------+-------------------------------------------------+-----
Stealth        | 2 3 4 5 6 8 9 10 | 10.1
Fighting       | 3 4 5 6 8 9 10 | 10.9
Ranged Weapons | 5 6 7 9 10 12 14 16 18 19 | 19.1
Shields        | 5 8 11 12 | 12.3
Armour         | 7 10 | 10.7
Dodging        | 6 8 9 |  9.5
Invocations    | |  0.5

Action                     |  1- 3 |  4- 6 |  7- 9 | 10-12 | 13-15 | 16-18 || total
---------------------------+-------+-------+-------+-------+-------+-------++-------
  Melee: Unarmed           |       |       |    11 |       |       |       ||    11
         Hand cannon       |       |       |       |     3 |     5 |       ||     8
   Fire: Shortbow          |   114 |    11 |       |       |       |       ||   125
         Hand cannon       |       |    92 |   233 |   524 |  1142 |   143 ||  2134
 Invoke: Receive Weapon    |       |       |       |       |     1 |       ||     1
         Receive Armour    |       |       |       |       |     1 |       ||     1
  Evoke: Wand              |       |       |       |       |     1 |       ||     1
    Use: Scroll            |     2 |     5 |    12 |     6 |     6 |     1 ||    32
         Potion            |       |       |       |       |     6 |       ||     6
   Stab: Confused          |       |       |     1 |       |       |       ||     1
 Armour: Leather armour    |    38 |    26 |   146 |    16 |       |       ||   226
         Skin              |       |       |     5 |       |       |       ||     5
         Steam dragon scal |       |       |       |   305 |   644 |    58 ||  1007
  Dodge: Dodged            |    40 |    24 |   135 |   181 |   465 |    56 ||   901
  Block: Kite shield       |       |       |       |   257 |  1216 |    68 ||  1541
         Reflection        |       |       |       |    11 |    22 |    10 ||    43
